 Dungeon Crawl Stone Soup version 0.29-a0-1052-g6990b1bffc (webtiles) character file.

Game seed: 4033779554110444363

16 ragingrage the Sneak (level 2, -1/26 HPs)
             Began as a Minotaur Delver on Aug 17, 2022.
             Slain by a worm (9 damage)
             ... on level 3 of the Dungeon.
             The game lasted 00:01:00 (492 turns).

ragingrage the Sneak (Minotaur Delver)               Turns: 492, Time: 00:01:01

Health: -1/26      AC:  3    Str: 16    XL:     2   Next: 41%
Magic:  1/1        EV: 11    Int:  7    God:
Gold:   13         SH:  0    Dex: 11    Spells: 1/1 levels left

rFire   . . .      SeeInvis .   a - +0 hand axe
rCold   . . .      Faith    .   (no shield)
rNeg    . . .      Spirit   .   b - +0 leather armour
rPois   .          Reflect  .   (helmet restricted)
rElec   .          Harm     .   (no cloak)
rCorr   .          Rampage  .   (no gloves)
Will    .....                   (no boots)
Stlth   ++........              (no amulet)
HPRegen 0.08/turn               (no ring)
MPRegen 0.07/turn               (no ring)

@: no status effects
A: horns 2, retaliatory headbutt
a: no special abilities


You were on level 3 of the Dungeon.
You visited 1 branch of the dungeon, and saw 4 of its levels.

You collected 13 gold pieces.

Inventory:

Hand Weapons
 a - a +0 hand axe (weapon)
 j - a +0 sling
Armour
 b - a +0 leather armour (worn)
Wands
 g - a wand of digging (3)
Scrolls
 c - a scroll of fog
 d - a scroll of magic mapping
 e - a scroll of fear
Potions
 f - a potion of haste
 h - a potion of curing
 i - a potion of flight {unknown}


   Skills:
 - Level 3.6 Fighting
 + Level 3.8 Axes
 - Level 2.1 Dodging
 - Level 4.1 Stealth


You had one spell level left.
You didn't know any spells.
Your spell library was empty.

Dungeon Overview and Level Annotations

Branches:
Dungeon (6/15)             Temple (0/1) D:4

Altars:


Innate Abilities, Weirdness & Mutations

You have a pair of horns on your head.
You reflexively headbutt those who attack you in melee.


Message History

You barely miss the orc priest.
The orc priest is severely wounded.
You hit the worm but do no damage. The orc priest hits you with a +0 whip.
The worm bites you but does no damage.
You hit the orc priest but do no damage.
The orc priest is severely wounded.
You barely miss the worm. The orc priest hits you with a +0 whip.
The worm barely misses you.
The orc priest hits you but does no damage.
You hit the orc priest but do no damage.
The orc priest is severely wounded.
You hit the worm. The orc priest completely misses you.
You hit the orc priest but do no damage.
The orc priest is severely wounded.
You hit the worm. The worm bites you but does no damage.
The orc priest invokes the aid of Beogh against you.
Pain shoots through your body!
You completely miss the orc priest.
The orc priest is severely wounded.
You hit the worm. The orc priest barely misses you. The worm bites you.
* * * LOW HITPOINT WARNING * * *
It was a potion of curing.
You feel better. The orc priest closely misses you.
You closely miss the orc priest. You headbutt the orc priest.
You punch the orc priest, but do no damage.
The orc priest is almost dead.
You hit the worm. The orc priest closely misses you.
The worm barely misses you.
You barely miss the orc priest. Your headbutt misses the orc priest.
The orc priest is almost dead.
You hit the worm. The orc priest hits you with a +0 whip.
You barely miss the orc priest. Your headbutt misses the orc priest.
The orc priest is almost dead.
You hit the worm but do no damage. The worm barely misses you.
The orc priest hits you with a +0 whip.
You hit the orc priest but do no damage.
The orc priest is almost dead.
You barely miss the worm.
The orc priest hits you but does no damage.
The worm bites you!
You die...

##.....## #..####
#..##### #...##.##
#####+#..#..#
............#
........###.##
........# #ow##
.......#####@)#
.......+...รท.>###
.>.....###......#
....... #......#
....... #......#
####### ########


You could see a worm and an orc priest.

Vanquished Creatures
  A dart slug (D:3)
  3 orcs (D:3)
  3 jackals (D:3)
  A kobold (D:3)
  A ball python (D:3)
  A bat (D:3)
  A frilled lizard (D:3)
11 creatures vanquished.

Notes
Turn   | Place    | Note
-------+----------+-------------------------------------------
     0 | D:5      | ragingrage the Minotaur Delver began the quest for the Orb.
     0 | D:5      | Reached XP level 1. HP: 19/19 MP: 0/0
     7 | D:5      | Noticed a necrophage
    22 | D:4      | Noticed a scorpion
    57 | D:4      | Found a staircase to the Ecumenical Temple.
    57 | D:4      | Noticed an orc priest
   212 | D:3      | Reached XP level 2. HP: 17/26 MP: 1/1
   492 | D:3      | Slain by a worm

Illustrated notes

Levels and vault maps discovered:
D:3:      minmay_chambers_of_threes, layout_basic,
          nicolae_hepliaklqana_hazy_memory, chequers_temple_overflow_minitemple,
          minmay_misc_feat_rows, uniq_jessica
D:4:      layout_basic, minmay_temple_entry_proselytizer, dreamdust_gnoll_farm
D:5:      layout_gridville
D:6:      layout_loops_cross, portal_sewer_entry_a, hangedman_feature_mirror,
          uniq_menkaure, uniq_sigmund

Skill      XL: |  1 |
---------------+----+-----
Axes           | 3 |  3.8
Fighting       | |  3.6
Dodging        | |  2.1
Stealth        | |  4.1

Action                   || total
-------------------------++-------
Melee: Hand axe          ||    38
       Headbutt          ||     6
       Punch             ||     1
  Use: Potion            ||     1
Armor: Leather armour    ||    11
Dodge: Dodged            ||    24

Table legend: (Time is in decaauts)
 A = Elapsed time spent in this place.
 B = Non-inter-level travel time spent in this place.
 C = Inter-level travel time spent in this place.
 D = Time resting spent in this place.
 E = Time spent auto-exploring this place.
 F = Levels seen in this place.
 G = Mean time per level.
                   A        B        C        D        E       F      G
               +--------+--------+--------+--------+--------+-----+--------+
         Total |    497 |    496 |      1 |    185 |    142 |   4 |  124.2 |
       Dungeon |    497 |    496 |      1 |    185 |    142 |   4 |  124.2 |
               +--------+--------+--------+--------+--------+-----+--------+

Top non-repeatable levels by time:
     D:3: 438 daAuts
     D:4: 36 daAuts
     D:5: 20 daAuts
     D:6: 1 daAuts
